 Dungeon Crawl Stone Soup version 0.30-a0-782-ge64f9170bb (webtiles) character file.

Game seed: 17832134017373606100

246 mopl the Covered (level 6, -2/38 HPs)
             Began as a Gargoyle Fighter on Mar 12, 2023.
             Slain by a phantom (4 damage)
             ... on level 3 of the Dungeon.
             The game lasted 00:02:25 (2007 turns).

mopl the Covered (Gargoyle Fighter)                 Turns: 2007, Time: 00:02:26

Health: -2/38      AC: 13    Str: 19    XL:     6   Next: 11%
Magic:  6/6        EV:  7    Int:  9    God:
Gold:   149        SH:  4    Dex: 11    Spells: 5/5 levels left

rFire   . . .      SeeInvis .    a - +0 flail
rCold   . . .      Faith    .    c - +0 buckler
rNeg    + . .      Spirit   .    q - +0 chain mail
rPois   ∞          Reflect  .    (no helmet)
rElec   +          Harm     .    (no cloak)
rCorr   .          Rampage  .    (no gloves)
Will    .....                    (no boots) Stlth
                                 (no amulet)
HPRegen 0.26/turn                (no ring)
MPRegen 0.10/turn                (no ring)

@: no status effects
A: sickness immunity, AC +4, negative energy resistance 1, electricity
resistance, torment resistance 1, petrification resistance
a: no special abilities


You were on level 3 of the Dungeon.
You visited 1 branch of the dungeon, and saw 4 of its levels.

You collected 149 gold pieces.

Inventory:

Hand Weapons
 a - a +0 flail (weapon)
Missiles
 o - 3 curare-tipped darts (quivered)
 p - 4 datura-tipped darts
Armour
 c - a +0 buckler (worn)
 q - a +0 chain mail (worn)
Magical Staves
 i - a staff of conjuration
Jewellery
 b - the amulet of Dois {Acrobat Harm *Slow rPois Str-2}
   (You found it on level 3 of the Dungeon)

   [amulet of the acrobat]

   It increases your evasion while moving and waiting.
   Str:       It affects your strength (-2).
   rPois:     It protects you from poison.
   *Slow:     It may slow you when you take damage.
   Harm:      It increases damage dealt and taken.
Scrolls
 h - 2 scrolls of brand weapon {unknown}
 j - 3 scrolls of identify {unknown}
 k - a scroll of teleportation {unknown}
 l - a scroll of blinking {unknown}
 m - 2 scrolls of enchant weapon {unknown}
 r - 2 scrolls of vulnerability {unknown}
 s - a scroll of fog {unknown}
Potions
 d - 2 potions of might
 e - a potion of curing {unknown}
 f - 3 potions of degeneration {unknown}
 g - a potion of ambrosia {unknown}
 n - 2 potions of heal wounds {unknown}


   Skills:
 + Level 4.2 Fighting
 * Level 3.9 Maces & Flails
 + Level 0.9 Throwing
 + Level 4.3 Armour
 + Level 1.7 Dodging
 - Level 3.2 Shields
 + Level 1.0 Evocations


You had 5 spell levels left.
You didn't know any spells.
Your spell library was empty.

Dungeon Overview and Level Annotations

Branches:
Dungeon (4/15)
 Temple: D:4-7

Altars:

Shops:
D:3 :


Innate Abilities, Weirdness & Mutations

You are immune to sickness and miasma.
Your stone body is resilient. (AC +4)
You are immune to poison.
You resist negative energy. (rN+)
You are resistant to electric shocks. (rElec)
You are resistant to unholy torment.
You are immune to petrification.


Message History

The phantom attacks as you move away! The phantom completely misses you.
You enter the shallow water.
Moving in this stuff is going to be slow.
The orc wizard gestures wildly while chanting.
The orc wizard flickers and vanishes!
Deactivating autopickup; reactivate with Ctrl-A.
The phantom hits you but does no damage.
The phantom attacks as you move away!
The phantom hits you but does no damage.
The phantom attacks as you move away! You block the phantom's attack.
The phantom attacks as you move away! The phantom hits you.
* * * LOW HITPOINT WARNING * * *
The phantom attacks as you move away!
The phantom hits you but does no damage.
You see here 5 stones.
There is an open door here.
The phantom attacks as you move away! The phantom hits you.
* * * LOW HITPOINT WARNING * * *
There is a stone staircase leading up here.
The phantom hits you but does no damage.
You climb upwards.
Reactivating autopickup.
There is a stone staircase leading down here.
You completely miss the phantom.
The phantom is severely damaged.
The phantom hits you but does no damage.
You miss the phantom.
The phantom is severely damaged.
The phantom hits you but does no damage.
The phantom barely misses you.
You hit the phantom.
The phantom is severely damaged.
The phantom hits you but does no damage.
You closely miss the phantom.
The phantom is severely damaged.
The phantom hits you.
* * * LOW HITPOINT WARNING * * *
The phantom blinks!
You blink.
The phantom hits you.
You die...

.......).........###########
..[........................#
.................#########.######
..>............(.##..............
.................##.######.######
.................##.#....#.#....#
.................##.#.#........)#
.................##.#.####.#.####
................@....§§..).#.#
................W####.######.#
.................# #.# #.#
.................# #.# #.#
.................# #.# #.#
.................# #.# #.#
.................# #.# #.#
.................# #.# #.#
.................# #.# #.####


You could see a phantom.

Vanquished Creatures
  An ogre (D:3)
  7 adders
  3 gnolls (D:3)
  An ufetubus (D:4)
  2 worms (D:3)
  An orc (D:4)
  4 endoplasms
  A giant cockroach (D:1)
  8 goblins
  5 hobgoblins
  2 jackals (D:3)
  7 kobolds
  3 quokkas (D:2)
  5 ball pythons
  9 bats
  5 frilled lizards
  A rat (D:1)
65 creatures vanquished.

Notes
Turn   | Place    | Note
-------+----------+-------------------------------------------
     0 | D:1      | mopl the Gargoyle Fighter began the quest for the Orb.
     0 | D:1      | Reached XP level 1. HP: 14/14 MP: 1/1
    75 | D:1      | Reached XP level 2. HP: 19/19 MP: 2/2
   289 | D:1      | Found a faded altar of an unknown god.
   647 | D:2      | Reached XP level 3. HP: 23/23 MP: 3/3
   939 | D:2      | Reached skill level 1 in Dodging
  1039 | D:2      | Reached skill level 3 in Maces & Flails
  1054 | D:2      | Reached XP level 4. HP: 29/29 MP: 4/4
  1433 | D:3      | Found Wewairr's Book Boutique.
  1438 | D:3      | Noticed an ogre
  1448 | D:3      | Killed an ogre
  1449 | D:3      | Reached skill level 4 in Fighting
  1449 | D:3      | Reached skill level 4 in Armour
  1449 | D:3      | Reached XP level 5. HP: 14/33 MP: 5/5
  1659 | D:3      | Reached XP level 6. HP: 25/38 MP: 6/6
  1715 | D:3      | Identified the amulet of Dois {Acrobat Harm *Slow rPois
                  | Str-2}
  1868 | D:4      | Reached skill level 1 in Evocations
  2007 | D:3      | Slain by a phantom

Illustrated notes

Levels and vault maps discovered:
D:1:      minmay_arrival_up_and_down, layout_rooms,
          shapermc_ecumenical_altar_acropolis, chequers_serial_rivers_small_3,
          minmay_misc_feat_four_crosses, chequers_serial_rivers_micro_a
D:2:      layout_loops_ring, dk_noncrumbling_3, st_stairs_9,
          grunt_ministairs_10, nrook_mini_backslash
D:3:      layout_basic, serial_shops, nicolae_shop_behind_doors
D:4:      layout_gridville, serial_shops, nicolae_shop_bloodbath_and_beyond,
          serial_rivers, chequers_serial_rivers_micro_d,
          chequers_serial_rivers_large_a, chequers_serial_rivers_micro_e,
          chequers_serial_rivers_micro_c, minmay_diced_spiral

Skill      XL: |  1  2  3  4  5  6 |
---------------+-------------------+-----
Dodging        | 1 |  1.7
Maces & Flails | 3 |  3.9
Fighting       | 4 |  4.2
Armour         | 4 |  4.3
Evocations     | 1 |  1.0
Throwing       | |  0.9
Shields        | |  3.2

Action                     |  1- 3 |  4- 6 || total
---------------------------+-------+-------++-------
  Melee: Flail             |   125 |   118 ||   243
  Throw: Dart              |       |     1 ||     1
 Armour: Scale mail        |    85 |    38 ||   123
         Chain mail        |       |    55 ||    55
  Dodge: Dodged            |    53 |    67 ||   120
  Block: Buckler           |    27 |    32 ||    59

Table legend: (Time is in decaauts)
 A = Elapsed time spent in this place.
 B = Non-inter-level travel time spent in this place.
 C = Inter-level travel time spent in this place.
 D = Time resting spent in this place.
 E = Time spent auto-exploring this place.
 F = Levels seen in this place.
 G = Mean time per level.
                   A        B        C        D        E       F      G
               +--------+--------+--------+--------+--------+-----+--------+
         Total |   2083 |   2009 |     74 |    112 |   1345 |   4 |  520.8 |
       Dungeon |   2083 |   2009 |     74 |    112 |   1345 |   4 |  520.8 |
               +--------+--------+--------+--------+--------+-----+--------+

Top non-repeatable levels by time:
     D:2: 729 daAuts
     D:3: 616 daAuts
     D:1: 583 daAuts
     D:4: 154 daAuts
